 Dungeon Crawl Stone Soup version 0.31.0-32-g396128a36d (webtiles) character file.

Game seed: 4472464847757998020

155 spaghetti the Sneak (level 5, 0/49 HPs)
             Began as a Naga Chaos Knight on Mar 22, 2024.
             Was a Plaything of Xom.
             Splashed by a jelly's acid (12 damage)
             ... on level 4 of the Dungeon.
             The game lasted 00:03:14 (2700 turns).

spaghetti the Sneak (Naga Chaos Knight)             Turns: 2700, Time: 00:03:15

Health: 0/49       AC: -4    Str: 15    XL:     5   Next: 37%
Magic:  7/7        EV:  9    Int: 12    God:    Xom [..*...]
Gold:   174        SH:  5    Dex: 12    Spells: 7/7 levels left

rFire   . . .        k - +1 dagger (venom)
rCold   . . .        (no shield)
rNeg    . . .        b - +2 leather armour
rPois   +            h - +2 hat
rElec   .            (no cloak)
rCorr   .            (no gloves)
SInv    +            (no barding)
Will    +....        g - amulet of reflection
Stlth   +++          i - +4 ring of slaying
HPRegen 0.28/turn    e - ring of willpower
MPRegen 0.10/turn

%: reflection
@: corroded, very slow
A: AC +1, large, see invisible, deformed body, poison resistance, slowness 2,
spit poison 1, naga tail 1
a: Spit Poison, Renounce Religion


You were on level 4 of the Dungeon.
You worshipped Xom.
You were a toy of Xom.
You visited 1 branch of the dungeon, and saw 4 of its levels.

You collected 174 gold pieces.

Inventory:

Hand Weapons
 a - a +2 short sword of chaos
 k - a +1 dagger of venom (weapon)
Armour
 b - a +2 leather armour (worn)
 h - a +2 hat (worn)
Jewellery
 d - a ring of protection from fire
 e - a ring of willpower (right hand)
 g - an amulet of reflection (around neck)
 i - a +4 ring of slaying (left hand)
Scrolls
 c - a scroll of poison
Potions
 f - 2 potions of brilliance


   Skills:
 - Level 3.0 Fighting
 - Level 3.0 Short Blades
 - Level 1.5 Armour
 - Level 0.7 Dodging
 + Level 5.8 Stealth
 + Level 1.5 Spellcasting
 + Level 1.3 Summonings
 + Level 1.4 Translocations


You had 7 spell levels left.
You didn't know any spells.
Your spell library contained the following spells:

 Spells                   Type           Power      Damage    Failure   Level
 Sandblast                Erth           0%         2d4       34%         1
 Slow                     Hex            0%         N/A       34%         1
 Ensorcelled Hibernation  Hex/Ice        0%         N/A       47%         2
 Confusing Touch          Hex            0%         N/A       71%         3
 Fugue of the Fallen      Necr           0%         N/A       71%         3
 Passwall                 Erth           0%         N/A       71%         3
 Sigil of Binding         Hex            0%         N/A       71%         3
 Stone Arrow              Conj/Erth      0%         3d7       71%         3
 Swiftness                Air            0%         N/A       71%         3
 Vampiric Draining        Necr           0%         2d6       71%         3
 Anguish                  Hex/Necr       0%         N/A       98%         4
 Brom's Barrelling Bould  Conj/Erth      0%         2d3       98%         4
 Summon Forest            Summ/Tloc      2%         N/A       99%         5
 Summon Mana Viper        Hex/Summ       2%         N/A       100%        5
 Summon Cactus Giant      Summ           2%         N/A       100%        6


Dungeon Overview and Level Annotations

Branches:
Dungeon (4/15)
 Temple: D:4-7

Altars:

Shops:
D:4 !

Annotations:
D:3 Grinder


Innate Abilities, Weirdness & Mutations

Your serpentine skin is tough. (AC +1)
You have supernaturally acute eyesight. (SInv)
Armour fits poorly on your strangely shaped body.
Your system is resistant to poisons. (rPois)
You cover ground very slowly.
You can spit poison.
You have a snake-like lower body.


Message History

The jelly hits you but does no damage.
You puncture the jelly! The acid corrodes you!
Your hands burn!
The jelly is severely wounded.
The jelly hits you.
You are splashed with acid!
You are too injured to fight recklessly!
You are too injured to fight recklessly!
You are too injured to fight recklessly!
You are too injured to fight recklessly!
You are too injured to fight recklessly!
You are too injured to fight recklessly!
You are too injured to fight recklessly!
You are too injured to fight recklessly!
You are too injured to fight recklessly!
You are too injured to fight recklessly!
You are too injured to fight recklessly!
You are too injured to fight recklessly!
You are too injured to fight recklessly!
You are too injured to fight recklessly!
You are too injured to fight recklessly!
You are too injured to fight recklessly!
You are too injured to fight recklessly!
You are too injured to fight recklessly!
You hit the jelly.
Your hands burn!
The jelly is severely wounded.
You hit the jelly.
Your hands burn!
The jelly is severely wounded.
The jelly hits you. The acid corrodes you!
You are splashed with acid!
You hit the jelly but do no damage.
Your hands burn!
The jelly is severely wounded.
You block the jelly's attack.
You hit the jelly.
The jelly is poisoned.
Your hands burn!
The jelly is almost dead.
The jelly barely misses you.
You hit the jelly but do no damage.
Your hands burn!
The jelly is almost dead.
The jelly hits you.
* * * LOW HITPOINT WARNING * * *
The acid corrodes you!
You are splashed with acid!
You die...
Xom cackles wildly!

.## ##. ##.#...
...#... #....
....... #.....
....... ......
....... ......
.......
.)...###J......
#....@..#
#.....###
...##..##.###
....#.......#
............##
......##...##
.....##...##
..... #..##
#.###.....#


You could see a jelly (very poisoned).

Vanquished Creatures
  4 gnolls (D:2)
  4 adders
  2 dart slugs
  2 ribbon worms (D:2)
  12 orcs
  6 endoplasms
  2 giant cockroaches (D:2)
  4 hobgoblins
  3 jackals (D:1)
  3 kobolds
  2 quokkas (D:3)
  3 ball pythons
  3 bats (D:1)
  3 frilled lizards
  2 goblins
  3 rats
58 creatures vanquished.

Notes
Turn   | Place    | Note
-------+----------+-------------------------------------------
     0 | D:1      | spaghetti the Naga Chaos Knight began the quest for the
                  | Orb.
     0 | D:1      | Reached XP level 1. HP: 21/21 MP: 1/1
    93 | D:1      | Reached skill level 1 in Stealth
   180 | D:1      | Reached skill level 2 in Stealth
   185 | D:1      | Reached XP level 2. HP: 20/28 MP: 2/2
   191 | D:1      | Reached skill level 3 in Stealth
   308 | D:1      | XOM: noise
   396 | D:1      | XOM: cast spell 'Summon Small Mammal'
   436 | D:1      | XOM: divination: detect creatures
  1034 | D:2      | Reached skill level 4 in Stealth
  1034 | D:2      | Reached XP level 3. HP: 34/34 MP: 3/3
  1266 | D:2      | Reached skill level 5 in Stealth
  1331 | D:2      | Reached XP level 4. HP: 38/42 MP: 3/5
  1335 | D:2      | XOM: divination: detect items
  1340 | D:2      | Reached skill level 1 in Spellcasting
  1353 | D:2      | HP: 2/42 [gnoll/+0 spear (4)]
  1962 | D:3      | Reached skill level 1 in Translocations
  2017 | D:3      | Reached skill level 1 in Summonings
  2127 | D:3      | XOM: confuse monster(s)
  2133 | D:3      | Reached XP level 5. HP: 49/49 MP: 5/7
  2385 | D:3      | Noticed Grinder
  2401 | D:3      | Paralysed by Grinder for 3 turns
  2423 | D:4      | Found Jafu Dukh's Distillery.
  2464 | D:3      | XOM: summons 2 friendly demons
  2675 | D:4      | XOM: god gift: +4 rapier of chaos
  2700 | D:4      | Splashed by a jelly's acid

Illustrated notes

Levels and vault maps discovered:
D:1:      sevenhm_arrival_forest_fort_large_4, layout_basic,
          chequers_serial_rivers_small_3
D:2:      layout_basic
D:3:      minmay_wonky_spiral, layout_basic, uniq_grinder
D:4:      layout_cave_pools, serial_shops, nicolae_shop_stone,
          grunt_decor_one_mirror

Skill      XL: |  1  2  3  4 |
---------------+-------------+-----
Stealth        | 2 4 5 |  5.8
Spellcasting   | 1 |  1.5
Translocations | 1 |  1.4
Summonings     | 1 |  1.3
Fighting       | |  3.0
Short Blades   | |  3.0
Armour         | |  1.5
Dodging        | |  0.7

Action                     |  1- 3 |  4- 6 || total
---------------------------+-------+-------++-------
  Melee: Short sword       |    80 |    69 ||   149
         Dagger            |       |    42 ||    42
Ability: Spit Poison       |       |     1 ||     1
    Use: Scroll            |     3 |     7 ||    10
         Potion            |       |     5 ||     5
   Stab: Sleeping          |     5 |     6 ||    11
         Paralysed         |     1 |       ||     1
         Confused          |     1 |       ||     1
         Invisible         |       |     2 ||     2
         Distracted        |       |     1 ||     1
 Armour: Leather armour    |    50 |    92 ||   142
  Dodge: Dodged            |    28 |    50 ||    78
  Block: Other             |       |    16 ||    16
         Reflection        |       |     1 ||     1
